 Dungeon Crawl Stone Soup version 0.31-a0-460-g9e667d4245 (webtiles) character file.

Game seed: 18181093384458048475

2 RepHenryClay the Sneak (level 1, -1/17 HPs)
             Began as a Vampire Delver on Aug 5, 2023.
             Slain by a hobgoblin (4 damage)
             ... on level 2 of the Dungeon.
             The game lasted 00:00:18 (113 turns).

RepHenryClay the Sneak (Vampire Delver)              Turns: 113, Time: 00:00:18

Health: -1/17      AC:  3    Str: 11    XL:     1   Next: 33%
Magic:  1/1        EV: 12    Int: 12    God:
Gold:   0          SH:  0    Dex: 15    Spells: 0/0 levels left

rFire   . . .        a - +0 falchion
rCold   . . .        (no shield)
rNeg    . . .        b - +0 leather armour
rPois   .            (no helmet)
rElec   .            (no cloak)
rCorr   .            (no gloves)
SInv    +            (no boots)
Will    .....        (no amulet)
Stlth   +++          (no ring)
HPRegen 0.42/turn    (no ring)
MPRegen 0.07/turn

%: no passive effects
@: healing quickly
A: alive, fangs 3, see invisible, vampiric 1
a: Exsanguinate


You were on level 2 of the Dungeon.
You visited 1 branch of the dungeon, and saw 4 of its levels.

Inventory:

Hand Weapons
 a - a +0 falchion (weapon)
Armour
 b - a +0 leather armour (worn)
Wands
 g - a wand of digging (3)
Scrolls
 c - a scroll of fog
 d - a scroll of revelation
 e - a scroll of fear
Potions
 f - a potion of haste


   Skills:
 - Level 2.6 Fighting
 + Level 2.2 Long Blades
 - Level 2.1 Dodging
 - Level 7.2 Stealth


You couldn't memorise any spells.
You didn't know any spells.
Your spell library was empty.

Dungeon Overview and Level Annotations

Branches:
Dungeon (5/15)
 Temple: D:4-7

Altars:


Innate Abilities, Weirdness & Mutations

Your natural rate of healing is accelerated.
You have razor-sharp teeth.
You have supernaturally acute eyesight. (SInv)
You are afflicted with vampirism.


Message History

You kill the hobgoblin!
The quokka closely misses you.
You barely miss the quokka. The quokka bites you.
Damage: -17%(-3hp) hp: 83%(14hp)
The quokka barely misses you. The hobgoblin hits you.
Damage: -6%(-1hp) hp: 77%(13hp)
You hit the quokka but do no damage. The quokka closely misses you.
The hobgoblin hits you. The quokka bites you.
Damage: -6%(-1hp) hp: 71%(12hp)
You hit the quokka.
The quokka is moderately wounded.
The hobgoblin hits you but does no damage.
The quokka barely misses you. The hobgoblin closely misses you.
You closely miss the quokka.
The quokka is moderately wounded.
The quokka misses you. The quokka bites you. The hobgoblin hits you.
Huge Dmg: -23%(-4hp) hp: 48%(8hp)
The quokka attacks as you move away! The quokka bites you.
* * * LOW HITPOINT WARNING * * *
The hobgoblin closely misses you.
Huge Dmg: -18%(-3hp) hp: 30%(5hp)
There is a stone staircase leading up here.
The quokka bites you but does no damage.
The hobgoblin barely misses you.
You climb upwards.
Found a ring mail and two leather armours.
There is a stone staircase leading down here.
Unknown command.
You closely miss the hobgoblin. The quokka bites you.
* * * LOW HITPOINT WARNING * * *
The hobgoblin barely misses you. The quokka barely misses you.
Damage: -6%(-1hp) hp: 30%(5hp) Unknown command.
You hit the hobgoblin but do no damage. The quokka bites you.
* * * LOW HITPOINT WARNING * * *
The hobgoblin misses you.
Huge Dmg: -18%(-3hp) hp: 12%(2hp)
Okay, then.
The quokka barely misses you. The hobgoblin hits you.
You die...

##.....
##...#.
#......
#.....
#...[. ##
#...####...
#........[
#r>.[.....
#g@#####..
#..# #...
##.## #.#
#.. ###


You could see a quokka and a hobgoblin.

Vanquished Creatures
  An endoplasm (D:4)
  A hobgoblin (D:3)
2 creatures vanquished.

Notes
Turn   | Place    | Note
-------+----------+-------------------------------------------
     0 | D:5      | RepHenryClay the Vampire Delver began the quest for the
                  | Orb.
     0 | D:5      | Reached XP level 1. HP: 17/17 MP: 1/1
   113 | D:2      | Slain by a hobgoblin

Illustrated notes

Levels and vault maps discovered:
D:2:      layout_loops_cross
D:3:      minmay_evil_eye, layout_rooms, nicolae_ru_the_path_less_chosen,
          ebering_dispersal_statue_hall
D:4:      corexii_shack_village, layout_cave_pods,
          nemelex_xobeh_ov_fountains_minmay, makhleb_altar_promises_db,
          lemuel_tele_altar, nicolae_overflow_hallway_of_the_gods,
          minmay_temple_entry_tees, grunt_ministairs_9,
          minmay_fractal_squares_diagonal_5, uniq_ijyb
D:5:      layout_loops_ring, chequers_serial_rivers_small_a,
          uniq_prince_ribbit1, uniq_grinder

Action                     || total
---------------------------++-------
  Melee: Falchion          ||     9
 Armour: Leather armour    ||     2
  Dodge: Dodged            ||    14

Table legend: (Time is in decaauts)
 A = Elapsed time spent in this place.
 B = Non-inter-level travel time spent in this place.
 C = Inter-level travel time spent in this place.
 D = Time resting spent in this place.
 E = Time spent auto-exploring this place.
 F = Levels seen in this place.
 G = Mean time per level.
                   A        B        C        D        E       F      G
               +--------+--------+--------+--------+--------+-----+--------+
         Total |    114 |    114 |      0 |      0 |     76 |   4 |   28.5 |
       Dungeon |    114 |    114 |      0 |      0 |     76 |   4 |   28.5 |
               +--------+--------+--------+--------+--------+-----+--------+

Top non-repeatable levels by time:
     D:4: 84 daAuts
     D:3: 18 daAuts
     D:5: 8 daAuts
     D:2: 3 daAuts
